 Dungeon Crawl Stone Soup version 0.31.0-9-g3a7656b989 (webtiles) character file.

Game seed: 226142834563627673

39 qw the Shooter (level 3, -5/18 HPs)
             Began as a Spriggan Hunter on Feb 2, 2024.
             Slain by a gnoll
             ... wielding a +0 club
              (7 damage)
             ... on level 2 of the Dungeon.
             The game lasted 00:00:00 (133 turns).

qw the Shooter (Spriggan Hunter)                     Turns: 133, Time: 00:00:01

Health: -5/18      AC:  2    Str:  7    XL:     3   Next: 26%
Magic:  4/4        EV: 19    Int: 10    God:
Gold:   8          SH:  0    Dex: 20    Spells: 2/2 levels left

rFire   . . .        a - +0 shortbow
rCold   . . .        (shield currently unavailable)
rNeg    . . .        c - +0 robe
rPois   .            (helmet restricted)
rElec   .            (no cloak)
rCorr   .            (gloves unavailable)
SInv    +            (boots unavailable)
Will    .....        (no amulet)
Stlth   ++           (no ring)
HPRegen 0.23/turn    (no ring)
MPRegen 0.09/turn

%: no passive effects
@: very quick
A: very small, no large weapons, unfitting armour, see invisible, speed 3
a: no special abilities


You were on level 2 of the Dungeon.
You visited 1 branch of the dungeon, and saw 2 of its levels.

You collected 8 gold pieces.


Innate Abilities, Weirdness & Mutations

You are very small and have problems with some larger weapons.
You are too small for most types of armour.
You have supernaturally acute eyesight. (SInv)
You cover ground extremely quickly. (Speed+++)


   Skills:
 - Level 1.5 Fighting
 + Level 4.5 Ranged Weapons
 - Level 4.2 Dodging
 - Level 1.5 Stealth


You had 2 spell levels left.
You didn't know any spells.
Your spell library was empty.

Inventory:

Hand Weapons
 a - a +0 shortbow (weapon)
Armour
 c - a +0 robe (worn)
 g - a +0 cloak
Scrolls
 b - a scroll of butterflies
 d - a scroll of identify {unknown}
Potions
 e - a potion of attraction {unknown}
 f - a potion of invisibility {unknown}

Dungeon Overview and Level Annotations

Branches:
Dungeon (1/15)

Altars:


Message History

You see here 10 gold pieces.
You shoot an arrow. The arrow barely misses the gnoll.
The arrow barely misses the hobgoblin.
The arrow hits the gnoll.
The gnoll is lightly wounded.
The gnoll hits you with a +0 spear.
You shoot an arrow. The arrow barely misses the gnoll.
The arrow hits the hobgoblin.
The hobgoblin is heavily wounded.
You hear a shout!
A gnoll comes into view. It is wielding a +0 club.
The gnoll barely misses you. The gnoll hits you with a +0 spear.
You shoot an arrow. The arrow hits the gnoll.
You kill the gnoll!
You shoot an arrow. The arrow hits the hobgoblin.
You kill the hobgoblin!
The gnoll completely misses you.
You have reached level 3!
Your experience leads to an increase in your attributes!
Increase (S)trength, (I)ntelligence, or (D)exterity?
You feel agile. x2
You shoot an arrow. The arrow hits the gnoll.
The gnoll is heavily wounded.
The gnoll misses you.
You shoot an arrow. The arrow hits the gnoll.
The gnoll is severely wounded.
The gnoll barely misses you.
You shoot an arrow. The arrow hits the gnoll.
The gnoll is almost dead.
The gnoll completely misses you.
You shoot an arrow.
The arrow hits the gnoll but does no damage.
The gnoll is almost dead.
The gnoll hits you from afar with a +0 spear!
The gnoll misses you.
You shoot an arrow. The arrow hits the gnoll.
You kill the gnoll!
You shoot an arrow. The arrow barely misses the gnoll.
You shoot an arrow. The arrow barely misses the gnoll.
The gnoll hits you with a +0 club!
You die...

# #####..
#.#.####....
#........####.#..
#(..@g)...#
#.######### #.#
#.# #.# #.. ###


You could see a gnoll.

Vanquished Creatures
  3 gnolls (D:2)
  An endoplasm (D:1)
  A goblin (D:1)
  A hobgoblin (D:2)
  A quokka (D:1)
  A ball python (D:1)
  A frilled lizard (D:1)
  2 kobolds (D:1)
11 creatures vanquished.

Notes
Turn   | Place    | Note
-------+----------+-------------------------------------------
     0 | D:1      | qw the Spriggan Hunter began the quest for the Orb.
     0 | D:1      | Reached XP level 1. HP: 10/10 MP: 2/2
     0 | D:1      | 0 ||| qw: Version: 0.3-a-155-g5e7d8dd
     0 | D:1      | 0 ||| qw: Game counter: 1892
     0 | D:1      | 0 ||| qw: Melee chars always use a shield: true
     0 | D:1      | 0 ||| qw: God list: Okawaru
     0 | D:1      | 0 ||| qw: Allow faded altars: false
     0 | D:1      | 0 ||| qw: Do Orc after clearing Dungeon:15 true
     0 | D:1      | 0 ||| qw: Do second Lair branch before Depths: true
     0 | D:1      | 0 ||| qw: Lair rune preference: random
     0 | D:1      | 0 ||| qw: Goals: Normal
     0 | D:1      | 0 ||| PLANNING D:1-11
    40 | D:1      | Reached skill level 3 in Dodging
    40 | D:1      | HP: 2/10 [kobold/+0 dagger (3)]
   105 | D:1      | You fall into a shaft and drop 1 floor!
   115 | D:2      | Reached XP level 2. HP: 14/14 MP: 3/3
   122 | D:2      | 122 ||| RETREEEEATING.
   127 | D:2      | Reached XP level 3. HP: 7/18 MP: 4/4
   130 | D:2      | HP: 1/18 [gnoll/+0 spear (7)]
   133 | D:2      | Slain by a gnoll

Levels and vault maps discovered:
D:1:      wheals_arrival_linesprint, layout_basic
D:2:      layout_basic, nicolae_shop_vocational

Skill      XL: |  1 |
---------------+----+-----
Dodging        | 4 |  4.2
Fighting       | |  1.5
Ranged Weapons | |  4.5
Stealth        | |  1.5

Action                     || total
---------------------------++-------
   Fire: Shortbow          ||    38
 Armour: Robe              ||     9
  Dodge: Dodged            ||    15

Table legend:
 A = Non-vault XP
 B = Vault XP
 C = Vault XP percentage of total XP
 D = Non-vault monster count
 E = Vault monster count
 F = Vault count percentage of total count
                 A         B        C        D         E       F
            +---------+---------+-------+---------+---------+-------
      Total |      56 |       0 |   0.0 |      11 |       0 |   0.0
            +---------+---------+-------+---------+---------+-------
        D:1 |      10 |       0 |   0.0 |       7 |       0 |   0.0
        D:2 |      46 |       0 |   0.0 |       4 |       0 |   0.0
            +---------+---------+-------+---------+---------+-------
